Map: Nightshade LE

Players

LiquidMaNa (MaNa) - Winner!

  • Race: Protoss Protoss
  • League: Grandmaster
  • Spawn Location: 11:00

Vanya

  • Race: Zerg Zerg
  • League: Master
  • Spawn Location: 5:00

VOD

Have the link to the VOD?

Description

Time

  • Played on: Jan. 13, 2020, 2:40 p.m.
  • Length: 7:09
Show
View Real Time Build Order
Export as new Build Order

LiquidMaNa Protoss - Winner!

Build Orders: 1 Gate Expand, Oracle Opening, Zealot Archon, Archon Drop 

Get SALT Encoding   

  12  0:00  Probe  
  13  0:12  Probe  
  14  0:17  Pylon  
  14  0:24  Probe (Chrono Boost)  
  15  0:36  Probe (Chrono Boost)  
  15  0:39  Gateway  
  16  0:45  Probe (Chrono Boost)  
  16  0:46  Assimilator  
  17  0:51  Probe  
  18  1:03  Probe (Chrono Boost)  
  19  1:12  Probe (Chrono Boost)  
  20  1:23  Nexus  
  20  1:34  Cybernetics Core  
  20  1:36  Probe  
  21  1:44  Assimilator  
  21  1:49  Probe  
  21  1:53  Pylon  
  22  2:01  Probe  
  23  2:08  Adept (Chrono Boost)  
  23  2:13  Probe  
  26  2:16  Stargate  
  26  2:24  Warp Gate  
  26  2:25  Probe  
  26  2:29  Adept (Chrono Boost)  
  27  2:35  Probe  
  29  2:37  Probe  
  30  2:47  Probe  
  30  2:49  Probe  
  32  2:58  Oracle (Chrono Boost)  
  32  2:59  Probe  
  32  3:01  Probe  
  32  3:03  Gateway  
  37  3:11  Probe  
  38  3:13  Probe  
  39  3:26  Probe  
  40  3:27  Pylon  
  40  3:29  Adept  
  40  3:33  Oracle  
  45  3:42  Shield Battery  
  45  3:46  Probe  
  46  3:50  Probe  
  46  3:52  Assimilator x2  
  47  3:58  Probe, Robotics Facility  
  47  4:02  Probe  
  49  4:03  Pylon  
  49  4:06  Twilight Council  
  49  4:11  Probe  
  49  4:13  Pylon  
  49  4:14  Probe (Chrono Boost)  
  49  4:16  Stalker  
  53  4:21  Pylon  
  53  4:23  Probe (Chrono Boost)  
  54  4:26  Probe (Chrono Boost)  
  56  4:32  Probe (Chrono Boost)  
  56  4:35  Gateway  
  56  4:37  Probe (Chrono Boost), Gateway  
  56  4:44  Warp Prism (Chrono Boost)  
  59  4:54  Templar Archives  
  59  5:02  Probe x2  
  61  5:09  Zealot x2  
  61  5:14  Probe x2  
  61  5:15  Zealot x2  
  67  5:25  Pylon  
  67  5:26  Probe  
  68  5:34  Nexus  
  68  5:40  Pylon  
  68  5:43  High Templar x4  
  68  5:47  Archon x2  
  76  5:51  Pylon  
  76  5:57  Forge, Immortal (Chrono Boost)  
  76  6:00  Probe x2  
  76  6:03  Shield Battery  
  80  6:16  Zealot x3  
  83  6:26  Gateway  
  83  6:29  Gateway  
  71  6:36  High Templar x2  
  69  6:41  Archon  
  69  6:44  Shield Battery  
  69  6:45  Shield Battery  
Show
View Real Time Build Order
Export as new Build Order

Vanya Zerg 

Build Orders: Hatch First 

Get SALT Encoding   

  12  0:00  Drone  
  13  0:13  Overlord  
  13  0:17  Drone  
  14  0:31  Drone x2  
  16  0:47  Hatchery  
  15  0:51  Drone  
  15  0:55  Drone  
  17  1:05  Extractor  
  17  1:10  Spawning Pool  
  15  1:13  Drone  
  15  1:17  Drone  
  17  1:20  Drone  
  18  1:28  Drone  
  19  1:39  Drone  
  20  1:49  Overlord  
  20  1:57  Queen  
  20  1:59  Queen  
  20  2:00  Zergling x4  
  26  2:08  Metabolic Boost  
  26  2:11  Zergling x2  
  26  2:13  Zergling x2  
  28  2:23  Zergling x4  
  30  2:36  Hatchery  
  29  2:41  Zergling x4  
  31  2:52  Zergling x4  
  31  2:57  Zergling x4  
  35  3:04  Zergling x2  
  36  3:08  Overlord  
  35  3:25  Zergling x2  
  35  3:28  Zergling x10  
  39  3:36  Drone  
  39  3:37  Queen  
  39  3:39  Drone  
  43  3:43  Drone x2  
  43  3:44  Drone  
  43  3:45  Drone  
  42  3:49  Drone  
  42  3:52  Drone  
  43  3:56  Drone  
  43  3:58  Drone  
  43  4:01  Drone  
  45  4:07  Spore Crawler  
  45  4:08  Spore Crawler  
  43  4:13  Spore Crawler  
  43  4:16  Drone x2  
  44  4:18  Drone  
  44  4:21  Drone  
  46  4:36  Overlord  
  46  4:37  Baneling Nest  
  47  4:51  Overlord  
  47  4:55  Zergling x12  
  47  4:56  Spore Crawler  
  49  5:01  Zergling x6  
  49  5:06  Overlord  
  50  5:07  Zergling x8  
  50  5:12  Zergling x4  
  56  5:23  Zergling x2  
  56  5:24  Zergling x10  
  62  5:35  Extractor  
  61  5:42  Baneling x10  
  63  5:50  Zergling x8  
  63  5:55  Baneling x2  
  66  5:58  Zergling x6  
  66  6:02  Baneling  
  69  6:04  Zergling x4  
  65  6:13  Zergling x2  
  65  6:14  Overlord  
  63  6:21  Zergling x12  
  59  6:29  Zergling x6  
  53  6:36  Zergling x4  
  50  6:43  Zergling x6  
  42  6:51  Zergling x4  
Tags
 
Add a new tag
Caveats
  • Supply blocks, unpowered buildings, or Contaminate may cause inaccurate times.
  • Supply counts are checked every 10 seconds.